 Dungeon Crawl Stone Soup version 0.25-a0-460-g4f2eb97ec1 (webtiles) character file.

Game seed: 252230606804192041, levelgen mode: deterministic

287 Elellon the Conjurer (level 6, -5/32 HPs)
             Began as a Deep Elf Conjurer on Feb 2, 2020.
             Killed from afar by Dowan (14 damage)
             ... with a stone arrow
             ... on level 4 of the Dungeon on Feb 3, 2020.
             The game lasted 00:03:55 (3468 turns).

Elellon the Conjurer (Deep Elf Conjurer)            Turns: 3468, Time: 00:03:56

Health: -5/32      AC:  2    Str:  7    XL:     6   Next: 8%
Magic:  2/16       EV: 12    Int: 20    God:
Gold:   116        SH:  3    Dex: 15    Spells: 9/16 levels left

rFire    . . .     SeeInvis .   (no weapon)
rCold    . . .     Gourm    .   p - -1 buckler (curse)
rNeg     . . .     Faith    .   a - +0 robe
rPois    .         Spirit   .   (no helmet)
rElec    .         Reflect  .   (no cloak)
rCorr    .         Harm     .   (no gloves)
MR       .....                  (no boots)
Stlth    ++........             (no amulet)
HPRegen  0.10/turn              (no ring)
MPRegen  0.15/turn              (no ring)

@: no status effects
A: no striking features
a: no special abilities


You were on level 4 of the Dungeon.
You were not hungry.

You visited 1 branch of the dungeon, and saw 4 of its levels.

You collected 116 gold pieces.

Inventory:

Armour
 a - a +0 robe (worn)
 p - a cursed -1 buckler (worn)
 q - a +0 pair of boots
Jewellery
 d - an uncursed ring of resist corrosion {unknown}
 h - a +3 amulet of reflection {unknown}
 m - a cursed ring of teleportation {unknown}
Wands
 u - a wand of enslavement (7)
Scrolls
 e - 2 scrolls of magic mapping {unknown}
 f - a scroll of noise {unknown}
 i - 2 scrolls of remove curse {unknown}
 j - 8 scrolls of identify {unknown}
 k - a scroll of random uselessness {unknown}
 t - a scroll of teleportation {unknown}
Potions
 b - a potion of ambrosia {unknown}
 g - 4 potions of curing {unknown}
 l - a potion of lignification {unknown}
 n - a potion of might {unknown}
 o - a potion of heal wounds {unknown}
 r - 2 potions of haste {unknown}
 s - a potion of mutation {unknown}
Comestibles
 c - 5 rations


   Skills:
 - Level 2.4 Dodging
 - Level 2.4 Stealth
 + Level 1.9 Shields
 + Level 5.9 Spellcasting
 + Level 6.1 Conjurations


You had 9 spell levels left.
You knew the following spells:

 Your Spells              Type           Power        Failure   Level  Hunger
a - Magic Dart            Conj           ####         1%          1    None
b - Searing Ray           Conj           ####..       1%          2    None
c - Iskenderun's Mystic   Conj/Tloc      ###.....     36%         4    ####...

Your spell library contained the following spells:

 Spells                   Type           Power        Failure   Level  Hunger
 Dazzling Flash           Conj/Hex       ###...       12%         3    ##.....
 Fulminant Prism          Conj/Hex       ###.......   36%         4    ####...


Dungeon Overview and Level Annotations

Branches:
Dungeon (4/15)
 Temple: D:4-7

Altars:
Cheibriados
Okawaru

Annotations:
D:4 Dowan


Message History

Dowan hits you with a +0 dagger. Dowan barely misses you.
You barely miss Dowan.
Dowan is heavily wounded.
Dowan hits you but does no damage.
You hit Dowan but do no damage.
Dowan is heavily wounded.
Dowan misses you. Dowan hits you with a +0 dagger.
You miss Dowan.
Dowan is heavily wounded.
Dowan barely misses you.
You hit Dowan but do no damage.
Dowan is heavily wounded.
Dowan barely misses you. Dowan hits you with a +0 dagger.
* * * LOW HITPOINT WARNING * * *
You hit Dowan but do no damage.
Dowan is heavily wounded.
Dowan closely misses you. Dowan gestures at you while chanting.
The stone arrow hits you!
You die...

.. ... .. ...
#$ ###.#######
#.##..........
..#..........
#.#..........
#.#..........
#.<..e.......
###..@.......
#..).......
#..........
#.$........
#.####.....
..# #...# #..#
.... .... ###
...#


You could see Dowan.

Vanquished Creatures
  Duvessa (D:4)
  Jessica (D:3)
  A worker ant (D:4)
  4 gnolls
  3 adders
  2 dart slugs
  A leopard gecko (D:2)
  An orc (D:3)
  A ball python (D:4)
  8 bats
  A giant cockroach (D:1)
  7 goblins
  6 hobgoblins
  11 jackals
  4 kobolds
  3 frilled lizards (D:1)
  7 rats
62 creatures vanquished.

Notes
Turn   | Place    | Note
-------+----------+-------------------------------------------
     0 | D:1      | Elellon the Deep Elf Conjurer began the quest for the Orb.
     0 | D:1      | Reached XP level 1. HP: 10/10 MP: 6/6
   171 | D:1      | Reached XP level 2. HP: 13/15 MP: 4/8
   238 | D:1      | Learned a level 2 spell: Searing Ray
   742 | D:1      | Reached skill level 5 in Conjurations
   742 | D:1      | Reached XP level 3. HP: 19/19 MP: 7/10
  1526 | D:2      | Found a snail-covered altar of Cheibriados.
  1622 | D:2      | Reached XP level 4. HP: 24/24 MP: 7/12
  1763 | D:2      | Learned a level 4 spell: Iskenderun's Mystic Blast
  2444 | D:3      | Upgraded the game from 0.25-a0-458-g6fc7858b95 to
                  | 0.25-a0-460-g4f2eb97ec1
  2475 | D:3      | Reached skill level 5 in Spellcasting
  2689 | D:3      | Found an iron altar of Okawaru.
  2801 | D:3      | Reached skill level 1 in Shields
  3132 | D:3      | Noticed Jessica
  3138 | D:3      | Killed Jessica
  3138 | D:3      | Reached XP level 5. HP: 24/28 MP: 7/14
  3444 | D:4      | Noticed Duvessa
  3445 | D:4      | Noticed Dowan
  3452 | D:4      | Killed Duvessa
  3452 | D:4      | Reached skill level 6 in Conjurations
  3455 | D:4      | Reached XP level 6. HP: 32/32 MP: 2/16
  3468 | D:4      | Killed from afar by Dowan

Levels and vault maps discovered:
D:1:      mainiacjoe_arrival_reflecting_pool, layout_loops_ring
D:2:      layout_rooms, old_standard_altar, hangedman_glass_teeth,
          kennysheep_generic_room_8
D:3:      layout_basic, okawaru_metal_pillars_1_2, uniq_jessica
D:4:      layout_rooms, vehumet_crystals, first_ration, uniq_duvessa,
          uniq_pikel, uniq_natasha

Skill      XL: |  1  2  3  4  5 |
---------------+----------------+-----
Spellcasting   | 4 5 |  5.9
Conjurations   | 5 6 |  6.1
Shields        | 1 |  1.9
Dodging        | |  2.4
Stealth        | |  2.4

Action                   |  1- 3 |  4- 6 || total
-------------------------+-------+-------++-------
Melee: Unarmed           |       |    10 ||    10
 Cast: Magic Dart        |    85 |    55 ||   140
       Searing Ray       |       |     4 ||     4
  Eat: Chunk             |     2 |     3 ||     5
       Ration            |       |     1 ||     1
Armor: Robe              |     1 |     3 ||     4
Dodge: Dodged            |    16 |    14 ||    30
Block: Buckler           |       |     3 ||     3

Table legend:
 A = Non-vault XP
 B = Vault XP
 C = Vault XP percentage of total XP
 D = Non-vault monster count
 E = Vault monster count
 F = Vault count percentage of total count
                 A         B        C        D         E       F
            +---------+---------+-------+---------+---------+-------
      Total |     227 |     184 |  44.8 |      60 |       2 |   3.2
            +---------+---------+-------+---------+---------+-------
        D:1 |      58 |       0 |   0.0 |      28 |       0 |   0.0
        D:2 |      56 |       0 |   0.0 |      16 |       0 |   0.0
        D:3 |      75 |      37 |  33.0 |      14 |       1 |   6.7
        D:4 |      38 |     147 |  79.5 |       2 |       1 |  33.3
            +---------+---------+-------+---------+---------+-------
